 Dungeon Crawl Stone Soup version 0.23.2-1-ga50397a (webtiles) character file.

Game seed: 14605686804701314899

117 DungeonDestroyer the Charmwright (level 4, -6/36 HPs)
             Began as a Demigod Skald on May 2, 2019.
             Killed by divine providence
             ... invoked by an orc priest
              (16 damage)
             ... on level 3 of the Dungeon.
             The game lasted 00:10:57 (2758 turns).

DungeonDestroyer the Charmwright (Demigod Skald)    Turns: 2758, Time: 00:10:58

Health: -6/36      AC:  5    Str: 16    XL:     4   Next: 44%
Magic:  6/9        EV: 11    Int: 17    God:
Gold:   152        SH:  0    Dex: 15    Spells: 2/7 levels left

rFire    . . .     SeeInvis .   a - +1 hand axe
rCold    . . .     Gourm    .   (no shield)
rNeg     . . .     Faith    .   g - +0 ring mail (curse)
rPois    .         Spirit   .   (no helmet)
rElec    .         Reflect  .   (no cloak)
rCorr    .         Harm     .   (no gloves)
MR       .....                  (no boots)
Stlth    +.........             (no amulet)
HPRegen  0.12/turn              (no ring)
MPRegen  0.11/turn              (no ring)

@: shrouded, singing
A: high mp 1
a: no special abilities


You were on level 3 of the Dungeon.
You were not hungry.

You visited 1 branch of the dungeon, and saw 3 of its levels.

You collected 152 gold pieces.

Inventory:

Hand Weapons
 a - a +1 hand axe (weapon)
Armour
 b - a +0 leather armour
 g - a cursed +0 ring mail (worn)
Scrolls
 e - 3 scrolls of identify
 i - a scroll of amnesia
 j - a scroll of fog
 m - 2 scrolls of teleportation
Potions
 f - a potion of degeneration {unknown}
 k - a potion of haste {unknown}
Comestibles
 c - 4 chunks of flesh
 d - 2 rations


   Skills:
 + Level 2.2 Fighting
 + Level 2.3 Axes
 + Level 2.0 Armour
 + Level 2.2 Dodging
 + Level 0.1 Stealth
 * Level 2.0 Spellcasting
 * Level 3.4 Charms
 * Level 0.5 Translocations


You had 2 spell levels left.
You knew the following spells:

 Your Spells              Type           Power        Failure   Level  Hunger
a - Infusion              Chrm           ##..         9%          1    #......
b - Song of Slaying       Chrm           ##......     13%         2    ###....
c - Shroud of Golubria    Chrm/Tloc      #.........   24%         2    ###....

Your spell library contained the following spells:

 Spells                   Type           Power        Failure   Level  Hunger
 Freeze                   Ice            #...         34%         1    #......
 Throw Frost              Conj/Ice       #.....       47%         2    ###....
 Ozocubu's Armour         Chrm/Ice       #.......     47%         3    ###....
 Regeneration             Chrm/Necr      #.........   47%         3    ###....
 Spectral Weapon          Hex/Chrm       #.......     47%         3    ###....
 Summon Ice Beast         Ice/Summ       #.......     98%         4    #####..
 Throw Icicle             Conj/Ice       #.......     98%         4    #####..


Dungeon Overview and Level Annotations

Branches:
Dungeon (3/15)


Innate Abilities, Weirdness & Mutations

You have an increased reservoir of magic. (+10% MP)


Message History

Confirm with . or Enter, or press ? or * to list all spells.
You start singing a song of slaying.
The orc hits you but does no damage. x2
Unknown command.
You slash the orc!
You kill the orc!
You hit the orc.
You hear a shout!
Unknown command.
You hit the orc.
The orc is severely wounded.
You hit the orc but do no damage. The orc hits you but does no damage.
The orc priest calls down the wrath of Beogh upon you.
Beogh smites you!
* * * LOW HITPOINT WARNING * * *
The orc barely misses you. x2
Unknown command.
A bat comes into view.
The orc priest invokes the aid of Beogh against you.
Beogh smites you!
You die...

#
####.......P≈P♣≈##
...........♣≈P##
.#...........##
### #........####
..## ##.......#
...# #.......#
...#### #.....>.#
..##..# #####...##
..#..# .... #@.##
..#..# .... #o.#
##...# .... #o##
.....##..#... #.#
####.....#=...##g#
# #..###.###...o)#
#.## #......<# #.
#.....).# ..
#.......#


You could see an orc priest, 2 orcs and a hobgoblin.

Vanquished Creatures
  3 adders
  2 oozes
  3 worms (D:2)
  2 dart slugs
  4 orcs (D:3)
  3 ball pythons
  7 bats
  A giant cockroach (D:3)
  8 goblins
  5 hobgoblins
  7 jackals
  4 kobolds
  2 quokkas
  2 frilled lizards
  16 rats
69 creatures vanquished.

Notes
Turn   | Place    | Note
-------+----------+-------------------------------------------
     0 | D:1      | DungeonDestroyer the Demigod Skald began the quest for the
                  | Orb.
     0 | D:1      | Reached XP level 1. HP: 17/17 MP: 5/5
   113 | D:1      | Reached skill level 1 in Armour
   113 | D:1      | Reached skill level 3 in Charms
   150 | D:1      | Reached XP level 2. HP: 19/24 MP: 7/7
   760 | D:1      | Learned a level 2 spell: Song of Slaying
   919 | D:2      | Found a blossoming altar of Fedhas.
   979 | D:2      | You fall through a shaft!
   984 | D:3      | Reached XP level 3. HP: 29/29 MP: 8/8
  1717 | D:2      | Found a shimmering altar of Xom.
  1781 | D:2      | Learned a level 2 spell: Shroud of Golubria
  2014 | D:2      | Noticed a moth of wrath
  2040 | D:2      | Found a bloodstained altar of Trog.
  2362 | D:3      | Reached XP level 4. HP: 36/36 MP: 9/9
  2758 | D:3      | Killed from afar by an orc priest

Skill      XL: |  1  2  3  4 |
---------------+-------------+-----
Armour         | 1 2 |  2.0
Charms         | 3 |  3.4
Axes           | 2 |  2.3
Dodging        | 2 |  2.2
Fighting       | 2 |  2.2
Spellcasting   | 2 |  2.0
Stealth        | |  0.1
Translocations | |  0.5

Action                   |  1- 3 |  4- 6 || total
-------------------------+-------+-------++-------
Melee: Hand axe          |   162 |    83 ||   245
 Cast: Infusion          |     2 |     1 ||     3
       Song of Slaying   |     1 |     1 ||     2
       Shroud of Golubri |       |     1 ||     1
  Use: Scroll            |     7 |       ||     7
       Potion            |     3 |     1 ||     4
 Stab: Sleeping          |     1 |       ||     1
  Eat: Chunk             |     4 |       ||     4
       Ration            |     1 |       ||     1
Armor: Leather armour    |    14 |       ||    14
       Ring mail         |    34 |    58 ||    92
Dodge: Dodged            |   120 |    93 ||   213
